 Dungeon Crawl Stone Soup version 0.27-a0-249-g74f53ef629 (webtiles) character file.

Game seed: 1631300880226008959

30 tsouns the Sneak (level 3, 0/33 HPs)
             Began as a Draconian Delver on Feb 4, 2021.
             Slain by a mummy (3 damage)
             ... in an ossuary.
             The game lasted 00:02:32 (438 turns).

tsouns the Sneak (Draconian Delver)                  Turns: 438, Time: 00:02:33

Health: 0/33       AC:  5    Str: 15    XL:     3   Next: 5%
Magic:  3/3        EV: 12    Int: 10    God:
Gold:   5          SH:  0    Dex: 12    Spells: 2/2 levels left

rFire    . . .     SeeInvis .   a - +0 spear
rCold    . . .     Faith    .   (no shield)
rNeg     . . .     Spirit   .   (armour unavailable)
rPois    .         Reflect  .   (helmet restricted)
rElec    .         Harm     .   (no cloak)
rCorr    .         Rampage  .   (no gloves)
Will     .....                  (no boots)
Stlth    +++.......             (no amulet)
HPRegen  0.11/turn              (no ring)
MPRegen  0.08/turn              (no ring)

@: no status effects
A: unfitting armour, cold-blooded, AC +5
a: no special abilities


You were in an ossuary.
You visited 1 branch of the dungeon, and saw 1 of its levels.
You also visited: Ossuary.

You collected 5 gold pieces.

Inventory:

Hand Weapons
 a - a +0 spear (weapon)
Wands
 f - a wand of digging (3)
Scrolls
 b - 2 scrolls of fog
 d - a scroll of fear


   Skills:
 + Level 4.0 Fighting
 + Level 2.9 Polearms
 - Level 1.7 Dodging
 - Level 4.5 Stealth


You had 2 spell levels left.
You didn't know any spells.
Your spell library was empty.

Dungeon Overview and Level Annotations

Branches:
Dungeon (5/15)            Ossuary (1/1)
 Temple: D:4-7

Altars:


Innate Abilities, Weirdness & Mutations

Your plain brown scales are hard. (AC +5)
You cannot fit into any form of body armour.
You are cold-blooded and may be slowed by cold attacks.


Message History

An elf zombie comes into view.
The hobgoblin zombie hits you but does no damage.
A hobgoblin zombie comes into view.
A mummy comes into view.
You hit the hobgoblin zombie.
The hobgoblin zombie is severely damaged.
The hobgoblin zombie closely misses you.
You hit the hobgoblin zombie.
Your tail-slap misses the hobgoblin zombie.
The hobgoblin zombie is almost destroyed.
You barely miss the hobgoblin zombie.
The hobgoblin zombie is almost destroyed.
The hobgoblin zombie hits you.
* * * LOW HITPOINT WARNING * * *
The hobgoblin zombie hits you.
* * * LOW HITPOINT WARNING * * *
The jackal zombie bites you but does no damage.
The jackal zombie bites you but does no damage.
The mummy hits you.
You die...

.................#
.................#
.....8..8........#
.................#
######..######...#
# #^.# !.#Z.Z# #
#..# #.#Z.Z#
#.####..####.#.ZZ#
#............#.M@#
#.......####.#...#
#.......# #.#...#
#.......#....#...#
#.....∩.######...#
####+.... #...# #
#...# #...# # #...
#...#
##############...#


You could see a mummy, a jackal zombie, 2 hobgoblin zombies and 3 elf zombies.

Vanquished Creatures
  4 adder zombies
  6 hobgoblin zombies (Ossuary)
  7 kobold zombies (Ossuary)
  7 orc zombies (Ossuary)
24 creatures vanquished.

Notes
Turn   | Place    | Note
-------+----------+-------------------------------------------
     0 | D:5      | tsouns the Draconian Delver began the quest for the Orb.
     0 | D:5      | Reached XP level 1. HP: 19/19 MP: 1/1
    52 | D:5      | Found a sand-covered staircase.
    70 | Ossuary  | Entered an ossuary
   118 | Ossuary  | Reached XP level 2. HP: 24/26 MP: 2/2
   402 | Ossuary  | HP: 1/27 [adder zombie (3)]
   405 | Ossuary  | Reached XP level 3. HP: 1/33 MP: 3/3
   438 | Ossuary  | Slain by a mummy

Illustrated notes

Levels and vault maps discovered:
D:5:      layout_basic, enter_ossuary_1
Ossuary:  ossuary_tomb_1

Skill      XL: |  1  2 |
---------------+-------+-----
Fighting       | 4 |  4.0
Polearms       | |  2.9
Dodging        | |  1.7
Stealth        | |  4.5

Action                   || total
-------------------------++-------
Melee: Spear             ||   156
       Tailslap          ||    14
  Use: Scroll            ||     1
       Potion            ||     1
 Stab: Sleeping          ||     2
Armor: Skin              ||    23
Dodge: Dodged            ||    57

Table legend: (Time is in decaauts)
 A = Elapsed time spent in this place.
 B = Non-inter-level travel time spent in this place.
 C = Inter-level travel time spent in this place.
 D = Time resting spent in this place.
 E = Time spent auto-exploring this place.
 F = Levels seen in this place.
 G = Mean time per level.
                   A        B        C        D        E       F      G
               +--------+--------+--------+--------+--------+-----+--------+
         Total |    415 |    415 |      0 |      0 |     99 |   2 |  207.5 |
       Dungeon |     70 |     70 |      0 |      0 |      7 |   1 |   70.0 |
       Ossuary |    345 |    345 |      0 |      0 |     92 |   1 |  345.0 |
               +--------+--------+--------+--------+--------+-----+--------+

Top non-repeatable levels by time:
 Ossuary: 345 daAuts
     D:5: 70 daAuts
